 Dungeon Crawl Stone Soup version 0.29-a0-284-gf9362112df (webtiles) character file.

Game seed: 7596830545879963853

204 sammy202020 the Skirmisher (level 5, -2/44 HPs)
             Began as a Palentonga Fighter on Mar 20, 2022.
             Slain by an orc
             ... wielding a +0 trident
              (4 damage)
             ... on level 3 of the Dungeon.
             The game lasted 00:02:24 (1537 turns).

sammy202020 the Skirmisher (Palentonga Fighter)     Turns: 1537, Time: 00:02:24

Health: -2/44      AC:  6    Str: 20    XL:     5   Next: 52%
Magic:  5/5        EV:  7    Int: 10    God:
Gold:   64         SH:  4    Dex:  9    Spells: 4/4 levels left

rFire   . . .      SeeInvis +   f - +1 hand axe (elec)
rCold   . . .      Faith    .   c - +0 buckler
rNeg    . . .      Spirit   .   b - +0 scale mail
rPois   .          Reflect  .   (no helmet)
rElec   .          Harm     .   (no cloak)
rCorr   .          Rampage  .   (no gloves)
Will    .....                   (no barding)
Stlth   ..........              (no amulet)
HPRegen 0.14/turn               (no ring)
MPRegen 0.09/turn               (no ring)

@: mighty
A: large, rugged brown scales 3, see invisible, deformed body, roll 1, armoured
tail
a: Rolling Charge


You were on level 3 of the Dungeon.
You visited 1 branch of the dungeon, and saw 3 of its levels.

You collected 64 gold pieces.

Inventory:

Hand Weapons
 a - a +0 war axe
 f - a +1 hand axe of electrocution (weapon)
 h - a +0 broad axe
Armour
 b - a +0 scale mail (worn)
 c - a +0 buckler (worn)
Scrolls
 e - 4 scrolls of identify {unknown}
 i - a scroll of fog {unknown}
 j - a scroll of vulnerability {unknown}
 l - a scroll of enchant weapon {unknown}
Potions
 g - a potion of cancellation {unknown}
 k - a potion of curing {unknown}


   Skills:
 * Level 3.9 Fighting
 * Level 3.2 Axes
 * Level 3.2 Armour
 + Level 1.0 Dodging
 * Level 3.2 Shields


You had 4 spell levels left.
You didn't know any spells.
Your spell library contained the following spells:

 Spells                   Type           Power      Damage    Failure   Level
 Animate Skeleton         Necr           0%         N/A       78%         1
 Apportation              Tloc           0%         N/A       78%         1
 Summon Small Mammal      Summ           0%         N/A       78%         1


Dungeon Overview and Level Annotations

Branches:
Dungeon (3/15)

Altars:


Innate Abilities, Weirdness & Mutations

You are completely covered in rugged brown scales. (AC +3, +7% HP)
You have supernaturally acute eyesight. (SInv)
Armour fits poorly on your strangely shaped body.
You can roll at nearby foes to attack.
You have a long armoured tail.


Message History

* * * LOW HITPOINT WARNING * * *
The orc wizard gestures at you while chanting.
The magic dart hits you.
* * * LOW HITPOINT WARNING * * *
You closely miss the orc wizard. You tail-slap the orc wizard!
The orc wizard is almost dead.
The orc barely misses you.
The orc wizard hits you but does no damage.
You closely miss the orc wizard.
The orc wizard is almost dead.
The orc wizard hits you but does no damage.
You hit the orc wizard.
You kill the orc wizard!
Your Dodging skill increases to level 1!
You closely miss the orc. The orc hits you with a +0 long sword.
* * * LOW HITPOINT WARNING * * *
You slash the orc! Lightning courses through the orc!
You kill the orc!
You block the orc wizard's attack.
You barely miss the orc wizard. You tail-slap the orc wizard!
The orc wizard is heavily wounded.
You closely miss the orc.
Your tail-slap misses the orc.
The orc wizard gestures wildly while chanting.
The orc wizard flickers and vanishes for a moment.
You closely miss the orc. The orc hits you but does no damage.
You barely miss the orc. You tail-slap the orc!
You kill the orc!
You barely miss the orc. You closely miss the orc wizard.
The orc wizard is heavily wounded.
The orc wizard hits you with a +0 dagger.
* * * LOW HITPOINT WARNING * * *
You slash the orc wizard!
Lightning courses through the orc wizard!
You kill the orc wizard!
Okay, then.
You closely miss the orc. You tail-slap the orc!
You kill the orc!
The orc hits you from afar with a +0 trident.
You die...

... ... ######## ..#
#......# #.. #......#
##.. #....<.# #..
#......# #.#
####..†...#
#)####..†..†.>.#
#@#.....#.....<# #
#o#o....#......#
#..####.o..####......#
#.......o.## ########
....##).### ........#
...o###.# #.. #.# ..
..#


You could see 3 orcs.

Vanquished Creatures
  A howler monkey (D:3)
  2 orc wizards (D:3)
  5 adders
  2 worms (D:2)
  A dart slug (D:2)
  4 orcs (D:3)
  A ball python (D:1)
  3 endoplasms (D:1)
  4 giant cockroaches
  5 goblins
  7 hobgoblins
  7 jackals
  6 kobolds
  A quokka (D:1)
  3 bats (D:2)
  5 frilled lizards
  3 rats
60 creatures vanquished.

Notes
Turn   | Place    | Note
-------+----------+-------------------------------------------
     0 | D:1      | sammy202020 the Palentonga Fighter began the quest for the
                  | Orb.
     0 | D:1      | Reached XP level 1. HP: 19/19 MP: 1/1
     4 | D:1      | Found a faded altar of an unknown god.
   138 | D:1      | Reached XP level 2. HP: 7/25 MP: 2/2
   722 | D:1      | You fall into a shaft and drop 1 floor!
   730 | D:2      | Reached XP level 3. HP: 22/31 MP: 3/3
   951 | D:2      | Reached XP level 4. HP: 36/37 MP: 4/4
  1472 | D:3      | Reached XP level 5. HP: 40/44 MP: 5/5
  1528 | D:3      | Reached skill level 1 in Dodging
  1535 | D:3      | HP: 2/44 [orc wizard/+0 dagger (3)]
  1537 | D:3      | Slain by an orc

Illustrated notes

Levels and vault maps discovered:
D:1:      ncdulo_lavacross, layout_loops_ring,
          hellmonk_ecumenical_altar_dog_temple
D:2:      layout_rooms
D:3:      layout_rooms, bh_walls_and_bars

Skill      XL: |  1  2  3  4  5 |
---------------+----------------+-----
Armour         | 3 |  3.2
Axes           | 3 |  3.2
Shields        | 3 |  3.2
Dodging        | 1 |  1.0
Fighting       | |  3.9

Action                   |  1- 3 |  4- 6 || total
-------------------------+-------+-------++-------
Melee: War axe           |    18 |       ||    18
       Tailslap          |     5 |    11 ||    16
       Hand axe          |    53 |    71 ||   124
 Abil: Rolling Charge    |     1 |     1 ||     2
  Use: Potion            |       |     1 ||     1
Armor: Scale mail        |    39 |    23 ||    62
Dodge: Dodged            |    29 |    21 ||    50
Block: Buckler           |    12 |    15 ||    27

Table legend: (Time is in decaauts)
 A = Elapsed time spent in this place.
 B = Non-inter-level travel time spent in this place.
 C = Inter-level travel time spent in this place.
 D = Time resting spent in this place.
 E = Time spent auto-exploring this place.
 F = Levels seen in this place.
 G = Mean time per level.
                   A        B        C        D        E       F      G
               +--------+--------+--------+--------+--------+-----+--------+
         Total |   1568 |   1568 |      0 |      0 |   1233 |   3 |  522.7 |
       Dungeon |   1568 |   1568 |      0 |      0 |   1233 |   3 |  522.7 |
               +--------+--------+--------+--------+--------+-----+--------+

Top non-repeatable levels by time:
     D:2: 749 daAuts
     D:1: 733 daAuts
     D:3: 85 daAuts
